 Dungeon Crawl Stone Soup version 0.29.0-5-ge4962eb29e (webtiles) character file.

Game seed: 7646749064715046076

1500 gelatine the Skirmisher (level 8, -1/70 HPs)
             Began as a Minotaur Hunter on Aug 29, 2022.
             Succumbed to a hornet's poison
             ... on level 5 of the Dungeon.
             The game lasted 00:16:18 (5649 turns).

gelatine the Skirmisher (Minotaur Hunter)           Turns: 5649, Time: 00:16:19

Health: -1/70      AC:  8    Str: 17    XL:     8   Next: 52%
Magic:  7/7        EV: 10    Int:  6    God:
Gold:   321        SH:  0    Dex: 15    Spells: 7/7 levels left

rFire   . . .      SeeInvis .   b - +9 hand axe of Collusion {venom, rElec rCorr}
rCold   . . .      Faith    .   (no shield)
rNeg    . . .      Spirit   .   j - +0 scale mail
rPois   .          Reflect  .   (helmet restricted)
rElec   +          Harm     .   o - +0 cloak
rCorr   +          Rampage  .   (no gloves)
Will    .....                   (no boots)
Stlth   ..........              p - amulet of magic regeneration
HPRegen 0.21/turn               t - +4 ring of slaying
MPRegen 0.50/turn               (no ring)

@: lethally poisoned (-1 -> -21), attractive, slowed, very slow
A: horns 2, retaliatory headbutt
a: no special abilities


You were on level 5 of the Dungeon.
You visited 1 branch of the dungeon, and saw 5 of its levels.

You collected 379 gold pieces.
You spent 58 gold pieces at shops.

Inventory:

Hand Weapons
 a - a +0 shortbow
 b - the +9 hand axe of Collusion (weapon) {venom, rElec rCorr}
   (You found it on level 4 of the Dungeon)

   It poisons the flesh of those it strikes.
   rElec:     It insulates you from electricity.
   rCorr:     It protects you from acid and corrosion.
 i - the +4 mace of a Labyrinth {protect, rC- Int+7 Stlth+}
   (You found it on level 3 of the Dungeon)

   It grants its wielder temporary protection when it strikes (+7 to AC).
   Int:       It affects your intelligence (+7).
   rC:        It makes you vulnerable to cold.
   Stlth:     It makes you more stealthy.
Armour
 j - a +0 scale mail (worn)
 o - a +0 cloak (worn)
Jewellery
 p - an amulet of magic regeneration (around neck)
 t - a +4 ring of slaying (left hand)
Wands
 d - a wand of polymorph (3)
Scrolls
 c - a scroll of summoning
 e - a scroll of fear
 h - a scroll of amnesia
 l - 4 scrolls of teleportation
 s - a scroll of vulnerability
 v - a scroll of immolation
Potions
 f - a potion of flight
 g - a potion of berserk rage {unknown}
 k - a potion of attraction
 m - a potion of might {unknown}
 n - 2 potions of mutation {unknown}
 q - a potion of degeneration {unknown}
 r - a potion of haste {unknown}
 u - a potion of lignification {unknown}


   Skills:
 + Level 5.8 Fighting
 + Level 1.7(2.2) Axes
 + Level 1.9(2.3) Maces & Flails
 + Level 9.5 Ranged Weapons
 + Level 5.3 Armour
 + Level 3.0 Dodging
 + Level 1.4 Stealth


You had 7 spell levels left.
You didn't know any spells.
Your spell library contained the following spells:

 Spells                   Type           Power      Damage    Failure   Level
 Magic Dart               Conj           0%         1d3       83%         1
 Sandblast                Erth           0%         2d4       83%         1
 Call Imp                 Summ           0%         N/A       93%         2
 Passwall                 Tmut/Erth      0%         N/A       93%         2
 Gell's Gravitas          Tloc           0%         N/A       99%         3
 Inner Flame              Hex/Fire       0%         N/A       99%         3
 Mephitic Cloud           Conj/Pois/Air  0%         N/A       99%         3
 Stone Arrow              Conj/Erth      0%         3d7       99%         3
 Teleport Other           Tloc           0%         N/A       99%         3
 Tukima's Dance           Hex            0%         N/A       99%         3
 Cause Fear               Hex            0%         N/A       100%        4
 Passage of Golubria      Tloc           0%         N/A       100%        4
 Yara's Violent Unravell  Hex/Tmut       0%         3d3       100%        5
 Dispersal                Tloc           0%         N/A       100%        6
 Discord                  Hex            0%         N/A       100%        8


Dungeon Overview and Level Annotations

Branches:
Dungeon (5/15)
 Temple: D:4-7

Altars:
Nemelex Xobeh
Qazlal
Yredelemnul

Shops:
D:1 (   D:2 [


Innate Abilities, Weirdness & Mutations

You have a pair of horns on your head.
You reflexively headbutt those who attack you in melee.


Message History

The arrow hits the hornet but does no damage.
You shoot an arrow. The arrow hits the hornet!
The hornet is moderately wounded.
An adder comes into view.
The hornet stings you.
You feel yourself slow down.
The adder moves out of view.
You shoot an arrow. The arrow barely misses the hornet.
The hornet closely misses you. The hornet stings you.
You are poisoned.
You feel as though you will be slow longer.
The hornet stings you but does no damage.
The +9 hand axe of Collusion {venom, rElec rCorr} begins to drip with poison!
b - the +9 hand axe of Collusion (weapon)
{venom, rElec rCorr} You feel sick.
The hornet stings you.
You feel as though you will be slow longer.
The adder hisses angrily.
You hit the hornet.
The hornet is poisoned.
The hornet is moderately wounded.
You feel very sick. The hornet stings you!
* * * LOW HITPOINT WARNING * * *
You are more poisoned.
You feel as though you will be slow longer.
The hornet completely misses you.
You barely miss the hornet. You headbutt the hornet!
The hornet is severely wounded.
* * * LOW HITPOINT WARNING * * *
You feel very sick. The hornet stings you.
* * * LOW HITPOINT WARNING * * *
You are more poisoned.
You feel as though you will be slow longer.
The hornet closely misses you. You furiously retaliate!
You headbutt the hornet.
You kill the hornet!
Your Armour skill increases to level 5!
Your Dodging skill increases to level 3!
It was a potion of attraction.
You feel attractive to monsters.
You die...

.......##
..#..###
...........## $..
.....#
............##...
....##
.............##.#
....#
............).#.#
....#
..............#.#
....#
...#..#.......#.#
##..+
....##$.......'.#
##..+
....##[@......).#
##..#
...#..#.......#.#
##..#
.....S........#.#
....#
..............#.#
#...#
..$..........##.#
....###
............##..#
......#
...........##..##
#.....#
..........##..##
+.....## ##..##


You could see an adder.

Vanquished Creatures
  A hornet (D:5)
  Sigmund (D:5)
  An orc warrior (D:5)
  An ogre (D:4)
  A centaur (D:5)
  Blork the orc (D:4)
  2 kobold brigands (D:3)
  A necrophage (D:4)
  2 scorpions
  A hound (D:4)
  An orc priest (D:3)
  A jelly (D:5)
  4 iguanas
  An orc wizard (D:4)
  7 gnolls (D:3)
  6 adders
  3 worms
  A dart slug (D:5)
  12 orcs
  5 ball pythons
  4 bats
  5 endoplasms
  3 giant cockroaches
  9 goblins
  13 hobgoblins
  10 jackals
  52 kobolds
  A quokka (D:2)
  4 frilled lizards
  3 rats
157 creatures vanquished.

Vanquished Creatures (others)
  4 fungi (D:2)
  4 plants (D:2)
8 creatures vanquished.

Grand Total: 165 creatures vanquished

Notes
Turn   | Place    | Note
-------+----------+-------------------------------------------
     0 | D:1      | gelatine the Minotaur Hunter began the quest for the Orb.
     0 | D:1      | Reached XP level 1. HP: 18/18 MP: 0/0
   255 | D:1      | Found Vianuck's Antique Weapon Shop.
   437 | D:1      | Reached XP level 2. HP: 25/25 MP: 1/1
   838 | D:2      | Reached skill level 5 in Ranged Weapons
   984 | D:2      | Reached XP level 3. HP: 30/30 MP: 2/2
  1174 | D:2      | Reached skill level 1 in Armour
  1196 | D:2      | Reached XP level 4. HP: 27/38 MP: 3/3
  1411 | D:2      | Found a faded altar of an unknown god.
  1572 | D:2      | Found Izxirac's Armour Shoppe.
  1575 | D:2      | Bought a +0 cloak for 58 gold pieces
  2066 | D:3      | Reached XP level 5. HP: 30/45 MP: 4/4
  2236 | D:3      | Identified the +4 mace of a Labyrinth {protect, rC- Int+7
                  | Stlth+}
  2530 | D:3      | Reached skill level 6 in Ranged Weapons
  2960 | D:3      | Reached skill level 1 in Stealth
  3042 | D:3      | Reached XP level 6. HP: 32/52 MP: 5/5
  3423 | D:3      | Reached skill level 1 in Maces & Flails
  4016 | D:4      | Reached skill level 7 in Ranged Weapons
  4161 | D:4      | Found a basalt altar of Yredelemnul.
  4355 | D:4      | Found a sparkling altar of Nemelex Xobeh.
  4584 | D:4      | Reached XP level 7. HP: 55/60 MP: 6/6
  4610 | D:4      | Identified the +9 hand axe of Collusion {venom, rElec
                  | rCorr}
  4846 | D:4      | Noticed Blork the orc
  4858 | D:4      | Killed Blork the orc
  4859 | D:4      | Reached skill level 8 in Ranged Weapons
  5228 | D:5      | Entered Level 5 of the Dungeon
  5391 | D:5      | Found a stormy altar of Qazlal.
  5393 | D:5      | Noticed Sigmund
  5402 | D:5      | Killed Sigmund
  5403 | D:5      | Reached skill level 5 in Fighting
  5403 | D:5      | Reached skill level 1 in Axes
  5403 | D:5      | Reached XP level 8. HP: 47/68 MP: 7/7
  5625 | D:5      | Noticed a hornet
  5628 | D:5      | Reached skill level 9 in Ranged Weapons
  5648 | D:5      | Killed a hornet
  5649 | D:5      | Reached skill level 5 in Armour
  5649 | D:5      | Succumbed to a hornet's poison

Illustrated notes

Levels and vault maps discovered:
D:1:      dpeg_arrival_rhombi, layout_basic, serial_shops, shop
D:2:      layout_basic, serial_shops, nicolae_shop_window_shopping,
          shapermc_ecumenical_altar_mp_urbaneastern,
          corexii_item_surrounded_by_moat, minmay_3d_cube
D:3:      minmay_goblin_kobold_castle, layout_basic
D:4:      layout_gridville, mainiacjoe_overflow_cross_hatched,
          nemelex_dance_club_becter, st_stairs_12, uniq_blork_the_orc
D:5:      kennysheep_big_flooded_room, layout_basic, xom_confusion_cloud,
          mainiacjoe_overflow_alcove_1, uniq_sigmund

Skill      XL: |  1  2  3  4  5  6  7  8 |
---------------+-------------------------+-----
Ranged Weapons | 5 6 7 8 9 |  9.5
Fighting       | 3 4 5 |  5.8
Armour         | 1 2 3 4 5 |  5.3
Stealth        | 1 |  1.4
Maces & Flails | 1 |  1.9
Axes           | 1 |  1.7
Dodging        | 3 |  3.0

Action                   |  1- 3 |  4- 6 |  7- 9 || total
-------------------------+-------+-------+-------++-------
Melee: Mace              |       |    23 |       ||    23
       Headbutt          |       |     4 |     4 ||     8
       Punch             |       |     1 |       ||     1
       Hand axe          |       |       |    31 ||    31
 Fire: Shortbow          |    76 |   218 |    60 ||   354
  Use: Potion            |     1 |     4 |     1 ||     6
       Scroll            |       |     6 |       ||     6
Armor: Leather armour    |     5 |    30 |       ||    35
       Scale mail        |       |    11 |    13 ||    24
Dodge: Dodged            |    25 |    84 |    28 ||   137
